 Dungeon Crawl Stone Soup version 0.24-a0-769-g368c1644f8 (webtiles) character file.

Game seed: 3498807863146257794, levelgen mode: deterministic

7707 Erlindor the Archer (level 11, -6/99 HPs)
             Began as a Centaur Hunter on Oct 5, 2019.
             Was an Initiate of Gozag.
             Mangled by a blink frog (12 damage)
             ... on level 1 of the Lair of Beasts.
             The game lasted 00:46:48 (11937 turns).

Erlindor the Archer (Centaur Hunter)               Turns: 11937, Time: 00:46:49

Health: -6/99      AC:  8    Str: 15    XL:     11   Next: 0%
Magic:  13/13      EV: 16    Int: 10    God:    Gozag
Gold:   2232       SH:  0    Dex: 13    Spells: 9/12 levels left

rFire    . . .     SeeInvis .   b - +1 scythe (venom)
rCold    . . .     Gourm    .   (shield currently unavailable)
rNeg     . . .     Faith    .   F - +2 robe {Archmagi}
rPois    +         Spirit   .   M - +0 helmet
rElec    .         Reflect  .   R - +0 cloak
rCorr    .         Harm     .   (no gloves)
MR       .....                  (no barding)
Stlth    +.........             A - amulet of the acrobat
HPRegen  0.26/turn              z - ring of poison resistance
MPRegen  0.13/turn              l - +2 ring of evasion

@: very quick
A: large, hooves 3, deformed body, speed 2, tough skin 3
a: Potion Petition, Call Merchant, Bribe Branch, Renounce Religion


You were on level 1 of the Lair of Beasts.
You worshipped Gozag.
Gozag was most pleased with you.
You were not hungry.

You visited 2 branches of the dungeon, and saw 12 of its levels.
You also visited: Sewer.

You collected 2255 gold pieces.
You paid 23 gold pieces to Gozag.

Inventory:

Hand Weapons
 a - a +0 shortbow of flaming
 b - a +1 scythe of venom (weapon)
Missiles
 d - 210 arrows
 h - 86 bolts
 n - 6 javelins (quivered)
 o - 6 silver javelins
Armour
 F - a +2 robe of the Archmagi (worn)
 M - a +0 helmet (worn)
 R - a +0 cloak (worn)
Jewellery
 i - an uncursed ring of ice
 l - a +2 ring of evasion (right hand)
 z - a ring of poison resistance (left hand)
 A - an amulet of the acrobat (around neck)
Wands
 E - a wand of flame (23)
 J - a wand of iceblast (15)
 L - a wand of acid (9)
 N - a wand of paralysis (12)
 P - a wand of enslavement (9)
Scrolls
 c - 5 scrolls of teleportation
 j - a scroll of fog
 k - a scroll of identify
 v - a scroll of torment {unknown}
 y - 2 scrolls of remove curse
 G - a scroll of fear
 I - a scroll of blinking {unknown}
 K - a scroll of magic mapping {unknown}
 Q - a scroll of enchant weapon
Potions
 e - 4 potions of mutation
 g - 3 potions of ambrosia
 m - 2 potions of lignification
 p - 3 potions of brilliance
 q - 4 potions of invisibility {unknown}
 r - 7 potions of heal wounds
 s - 7 potions of curing
 t - 2 potions of degeneration {unknown}
 w - 5 potions of might
 x - 4 potions of flight
 B - 2 potions of agility
 C - 2 potions of resistance {unknown}
 D - a potion of magic {unknown}
 H - 4 potions of haste
Miscellaneous
 O - a fan of gales
Comestibles
 f - 13 rations


   Skills:
 + Level 9.9 Fighting
 + Level 13.2 Bows
 + Level 7.4 Dodging
 - Level 0.4 Stealth
 + Level 1.4 Spellcasting
 + Level 1.9 Hexes


You had 9 spell levels left.
You knew the following spells:

 Your Spells              Type           Power        Failure   Level  Hunger
a - Confuse               Hex            #.......     41%         3    ####...

Your spell library contained the following spells:

 Spells                   Type           Power        Failure   Level  Hunger
 Corona                   Hex            #......      16%         1    ##.....
 Slow                     Hex            #.......     22%         2    ###....
 Beastly Appendage        Tmut           #.....       32%         1    ##.....
 Flame Tongue             Conj/Fire      #....        32%         1    ##.....
 Magic Dart               Conj           #...         32%         1    ##.....
 Ensorcelled Hibernation  Hex/Ice        #.....       32%         2    ###....
 Tukima's Dance           Hex            #.......     41%         3    ####...
 Blink                    Tloc           N/A          45%         2    ###....
 Call Imp                 Summ           #.......     45%         2    ###....
 Sticks to Snakes         Tmut           #.......     45%         2    ###....
 Dazzling Spray           Conj/Hex       #.....       54%         3    ####...
 Inner Flame              Hex/Fire       #.......     54%         3    ####...
 Conjure Flame            Conj/Fire      #.......     69%         3    ####...
 Ignite Poison            Fire/Tmut/Pois #.......     69%         3    ####...
 Mephitic Cloud           Conj/Pois/Air  #.......     69%         3    ####...
 Spider Form              Tmut/Pois      #.........   69%         3    ####...
 Ice Form                 Ice/Tmut       #.......     97%         4    #####..
 Blade Hands              Tmut           #.........   100%        5    ######.
 Freezing Cloud           Conj/Ice/Air   #.........   100%        6    #######


Dungeon Overview and Level Annotations

Branches:
Dungeon (11/15)            Temple (0/1) D:6            Lair (1/6) D:9
  Sewer (visited)
    Orc: D:9-12

Altars:
Cheibriados
Elyvilon
Gozag
Makhleb
Qazlal

Shops:
D:6 ?

Annotations:
D:11 Erolcha


Innate Abilities, Weirdness & Mutations

You have hooves in place of feet.
Armour fits poorly on your strangely shaped body.
You cover ground very quickly.
You have extremely tough skin. (AC +3)


Message History

The blink frog looks more healthy.
The blink frog hits you!
The blink frog blinks!
The blink frog misses you. The blink frog hits you!
You miss the blink frog.
The blink frog is moderately wounded.
The blink frog hits you!
* * * LOW HITPOINT WARNING * * *
The blink frog closely misses you.
The blink frog blinks!
The blink frog barely misses you. The blink frog misses you.
You barely miss the blink frog.
The blink frog is almost dead.
The blink frog hits you.
* * * LOW HITPOINT WARNING * * *
The blink frog blinks!
The blink frog closely misses you. The blink frog barely misses you.
The blink frog misses you. The blink frog hits you!
* * * LOW HITPOINT WARNING * * *
The blink frog blinks!
The blink frog barely misses you. The blink frog hits you!
You die...
Your body crumbles into a pile of gold.

#.###### ###.#..P# ...#
#.##### #### ##.## #...#
##.## #.# ######## #.#
......P# ##.### ######...
(.....# ### #F.§@####.(§((+
......###.#####FFF..$((#P.§.(
................###.#### #..
......#####.##...#### ......#
######.## (###### #..# .##
#.## ..# #..# #+#####
########..######


You could see 4 blink frogs.

Vanquished Creatures
  A two-headed ogre (D:8)
  A spiny frog (Lair:1)
  A komodo dragon (D:11)
  A hornet (D:10)
  A troll (D:11)
  2 hippogriffs
  Sigmund (D:6)
  A spriggan (D:8)
  5 yaks (D:9)
  2 water moccasins
  2 orc warriors
  A hornet zombie (D:6)
  2 ice beasts (D:10)
  6 ogres
  A wolf (Lair:1)
  2 phantoms
  6 centaurs
  A crocodile (D:9)
  A big kobold (Sewer)
  7 bullfrogs
  2 scorpions (D:8)
  A wyvern skeleton (D:7)
  4 howler monkeys
  4 crimson imps
  6 hounds
  2 bullfrog zombies
  3 centaur skeletons
  2 jellies
  Crazy Yiuf (D:6)
  6 orc priests
  A bullfrog skeleton (D:9)
  9 orc wizards
  4 iguanas
  8 worker ants
  A hound zombie (D:8)
  A howler monkey zombie (D:5)
  2 worker ant zombies (D:10)
  A howler monkey skeleton (D:5)
  A river rat (D:3)
  12 adders
  3 shadow imps
  4 oozes
  An adder skeleton (D:4)
  3 worms (D:2)
  4 dart slugs
  4 leopard geckos
  40 orcs
  5 ball pythons
  A bat (D:3)
  6 giant cockroaches
  6 goblins
  5 hobgoblins
  12 jackals
  20 kobolds
  4 quokkas
  7 frilled lizards
  A jackal skeleton (D:6)
  A leopard gecko skeleton (D:5)
  8 rats
251 creatures vanquished.

Vanquished Creatures (others)
  2 fungi (Lair:1)
  A plant (Lair:1)
3 creatures vanquished.

Grand Total: 254 creatures vanquished

Notes
Turn   | Place    | Note
-------+----------+-------------------------------------------
     0 | D:1      | Erlindor the Centaur Hunter began the quest for the Orb.
     0 | D:1      | Reached XP level 1. HP: 17/17 MP: 1/1
   482 | D:1      | Reached XP level 2. HP: 25/25 MP: 2/2
   676 | D:2      | Found an opulent altar of Gozag.
   711 | D:2      | Became a worshipper of Gozag Ym Sagoz the Greedy
   810 | D:2      | Reached skill level 6 in Bows
   810 | D:2      | Reached XP level 3. HP: 30/30 MP: 3/3
  1117 | D:2      | Reached XP level 4. HP: 25/38 MP: 4/4
  1559 | D:3      | Found a faded altar of an unknown god.
  2254 | D:3      | Reached XP level 5. HP: 46/46 MP: 5/5
  2276 | D:3      | Found a glowing drain.
  2286 | Sewer    | Entered a sewer
  2456 | Sewer    | Reached skill level 7 in Bows
  2514 | Sewer    | Reached XP level 6. HP: 20/52 MP: 6/6
  2524 | Sewer    | HP: 2/52 [kobold (2)]
  3359 | D:4      | Found a snail-covered altar of Cheibriados.
  3445 | D:4      | Found a burning altar of Makhleb.
  3447 | D:4      | Noticed an Executioner
  3466 | D:4      | Noticed a neqoxec
  3466 | D:4      | Noticed an orange demon
  3769 | D:5      | Entered Level 5 of the Dungeon
  4007 | D:5      | Reached skill level 8 in Bows
  4007 | D:5      | Reached XP level 7. HP: 26/60 MP: 7/7
  4374 | D:5      | Reached skill level 5 in Fighting
  4718 | D:5      | Reached skill level 9 in Bows
  4718 | D:5      | Reached XP level 8. HP: 44/70 MP: 8/8
  5135 | D:6      | Noticed Sigmund
  5192 | D:6      | Killed Sigmund
  5258 | D:6      | Found a staircase to the Ecumenical Temple.
  5293 | D:6      | Found Leuro's Magic Scroll Boutique.
  5590 | D:6      | Found a runed translucent door.
  5591 | D:6      | Noticed Crazy Yiuf
  5597 | D:6      | Killed Crazy Yiuf
  5662 | D:6      | Reached skill level 10 in Bows
  5870 | D:7      | Reached skill level 5 in Dodging
  5999 | D:7      | Reached XP level 9. HP: 64/79 MP: 9/9
  6165 | D:7      | Found a stormy altar of Qazlal.
  7081 | D:7      | Reached skill level 11 in Bows
  8732 | D:9      | Noticed a two-headed ogre
  9324 | D:8      | Killed a two-headed ogre
  9324 | D:8      | Reached skill level 12 in Bows
  9324 | D:8      | Reached XP level 10. HP: 90/90 MP: 10/10
  9922 | D:9      | Found a staircase to the Lair.
 10137 | D:9      | Found a white marble altar of Elyvilon.
 10137 | D:9      | Found an opulent altar of Gozag.
 10306 | D:10     | Entered Level 10 of the Dungeon
 10789 | D:10     | Identified the Reference Book on Scorching Snow
 10795 | D:10     | Learned a level 3 spell: Confuse
 10808 | D:10     | Reached skill level 13 in Bows
 11081 | D:10     | Reached skill level 1 in Hexes
 11269 | D:11     | Reached skill level 1 in Spellcasting
 11276 | D:11     | Noticed a gargoyle
 11534 | D:11     | Noticed Erolcha
 11761 | Lair:1   | Entered Level 1 of the Lair of Beasts
 11816 | Lair:1   | Noticed a spiny frog
 11825 | Lair:1   | Killed a spiny frog
 11916 | Lair:1   | Reached XP level 11. HP: 99/99 MP: 13/13
 11937 | Lair:1   | Mangled by a blink frog

Levels and vault maps discovered:
D:1:      minmay_arrival_jagged, layout_basic
D:2:      layout_loops_ring, nicolae_gozag_seed_capital
D:3:      layout_loops_corners, chequers_ecumenical_altar_simple_redux,
          gup_sewer_entry_bowl
D:4:      layout_cave_pods, kennysheep_mini, makhleb_altar_promises_db,
          minmay_fractal_squares_5
D:5:      layout_basic, first_ration
D:6:      layout_rooms, minmay_temple_entry_grid, serial_shops,
          nicolae_shop_stone, st_stairs_11, uniq_sigmund,
          uniq_crazy_yiuf_cottage
D:7:      layout_layer_cave, nicolae_qazlal_style_of_elements
D:8:      layout_layer_cave, grunt_pizzeria
D:9:      layout_loops_ring, gammafunk_temple_overflow_wave, lair_entry_dummy
D:10:     layout_loops_ring
D:11:     minmay_bloctagon, layout_basic, serial_shops, shop_coins,
          uniq_erolcha, uniq_grum
Lair:1:   layout_roguey

Skill      XL: |  1  2  3  4  5  6  7  8  9 10 |
---------------+-------------------------------+-----
Bows           | 6 7 8 9 10 12 13 | 13.2
Fighting       | 3 4 5 7 8 9 |  9.9
Dodging        | 2 3 4 5 6 7 |  7.4
Hexes          | 1 |  1.9
Spellcasting   | 1 |  1.4
Stealth        | |  0.4

Action                   |  1- 3 |  4- 6 |  7- 9 | 10-12 || total
-------------------------+-------+-------+-------+-------++-------
Melee: Short sword       |       |     8 |       |       ||     8
       Falchion          |       |     4 |    28 |       ||    32
       Kick              |       |     4 |    40 |    21 ||    65
       Scythe            |       |       |    93 |   107 ||   200
 Fire: Shortbow          |   102 |   207 |   322 |   164 ||   795
Throw: Javelin           |       |     3 |       |     2 ||     5
  Use: Scroll            |       |     7 |    11 |     1 ||    19
       Potion            |       |     2 |     1 |       ||     3
 Stab: Distracted        |       |       |       |     1 ||     1
  Eat: Ration            |       |     2 |     4 |     2 ||     8
Armor: Leather armour    |     7 |    21 |    11 |       ||    39
       Robe              |       |       |    47 |    51 ||    98
Dodge: Dodged            |    14 |    53 |   175 |   137 ||   379
       Rpst.: Falchion   |       |     1 |     3 |       ||     4

Table legend:
 A = Non-vault XP
 B = Vault XP
 C = Vault XP percentage of total XP
 D = Non-vault monster count
 E = Vault monster count
 F = Vault count percentage of total count
                 A         B        C        D         E       F
            +---------+---------+-------+---------+---------+-------
      Total |   10167 |     844 |   7.7 |     215 |      36 |  14.3
            +---------+---------+-------+---------+---------+-------
        D:1 |      12 |       0 |   0.0 |       7 |       0 |   0.0
        D:2 |     124 |       0 |   0.0 |      35 |       0 |   0.0
        D:3 |     106 |      20 |  15.9 |      16 |       4 |  20.0
        D:4 |     150 |       0 |   0.0 |       8 |       0 |   0.0
        D:5 |     874 |       0 |   0.0 |      32 |       0 |   0.0
        D:6 |     679 |     383 |  36.1 |      20 |       5 |  20.0
        D:7 |    1264 |       0 |   0.0 |      24 |       0 |   0.0
        D:8 |    2171 |     211 |   8.9 |      21 |       1 |   4.5
        D:9 |    1949 |       0 |   0.0 |      30 |       0 |   0.0
       D:10 |    1480 |       0 |   0.0 |      15 |       0 |   0.0
       D:11 |     697 |      78 |  10.1 |       4 |       2 |  33.3
     Lair:1 |     661 |       0 |   0.0 |       3 |       0 |   0.0
      Sewer |       0 |     152 | 100.0 |       0 |      24 | 100.0
            +---------+---------+-------+---------+---------+-------
